 Dungeon Crawl Stone Soup version 0.28-a0-723-g095bd1b44f (webtiles) character file.

Game seed: 5629392706012794341

617 casanoah the Magician (level 7, -3/47 HPs)
             Began as a Djinni Hedge Wizard on Sept 16, 2021.
             Slain by a gnoll shaman (12 damage)
             ... on level 5 of the Dungeon on Oct 25, 2021.
             The game lasted 00:10:06 (8495 turns).

casanoah the Magician (Djinni Hedge Wizard)         Turns: 8495, Time: 00:10:07

Health: -3/47      AC:  3    Str:  9    XL:     7   Next: 74%
Gold:   255        EV: 12    Int: 18    God:
                   SH:  0    Dex: 12

rFire   + + .      SeeInvis .   a - +0 dagger
rCold   x . .      Faith    .   (no shield)
rNeg    . . .      Spirit   .   b - +0 robe
rPois   ∞          Reflect  .   c - +0 hat
rElec   .          Harm     .   f - scarf {repulsion}
rCorr   .          Rampage  .   u - +0 pair of gloves
Will    .....                   (boots unavailable)
Stlth   ++........              d - amulet of the acrobat
HPRegen 0.15/turn               (no ring)
MPRegen 0.00/turn               (no ring)

@: flying, repel missiles
A: sickness immunity, fire resistance 2, cold vulnerability 1, float, innate
caster, hp casting, extra vitality 1
a: no special abilities


You were on level 5 of the Dungeon.
You visited 1 branch of the dungeon, and saw 5 of its levels.

You collected 255 gold pieces.

Inventory:

Hand Weapons
 a - a +0 dagger (weapon)
Armour
 b - a +0 robe (worn)
 c - a +0 hat (worn)
 f - a scarf of repulsion (worn)
 u - a +0 pair of gloves (worn)
Jewellery
 d - an amulet of the acrobat (around neck)
Scrolls
 e - a scroll of magic mapping {unknown}
 g - a scroll of summoning {unknown}
 i - a scroll of blinking {unknown}
 m - 3 scrolls of identify
 n - 2 scrolls of fear {unknown}
 r - a scroll of teleportation {unknown}
 t - a scroll of noise {unknown}
Potions
 h - a potion of berserk rage
 j - a potion of curing {unknown}
 k - a potion of haste {unknown}
 l - a potion of mutation {unknown}
 o - a potion of brilliance {unknown}
 q - a potion of flight {unknown}
 s - a potion of degeneration {unknown}


   Skills:
 + Level 1.1 Fighting
 + Level 2.7 Dodging
 + Level 2.4 Stealth
 + Level 6.0 Spellcasting


You couldn't memorise any spells.
You knew the following spells:

 Your Spells              Type           Power      Damage    Failure   Level
a - Magic Dart            Conj           100%       1d8       1%          1
b - Blink                 Tloc           54%        N/A       1%          2
c - Call Imp              Summ           27%        N/A       1%          2
d - Slow                  Hex            27%        N/A       1%          2
e - Conjure Flame         Conj/Fire      27%        6-21      3%          3
f - Mephitic Cloud        Conj/Pois/Air  27%        N/A       3%          3
g - Summon Small Mammal   Summ           100%       N/A       1%          1
h - Passwall              Tmut/Erth      22%        N/A       1%          2
i - Scorch                Fire           54%        2d7       1%          2
Your spell library was empty.

Dungeon Overview and Level Annotations

Branches:
Dungeon (5/15)
 Temple: D:4-7

Altars:
The Shining One

Annotations:
D:5 3 runed translucent doors


Innate Abilities, Weirdness & Mutations

You are immune to sickness and miasma.
You are immune to poison.
Your flesh is very heat resistant. (rF++)
You are vulnerable to cold. (rC-)
You float through the air rather than walking.
You learn spells naturally, not from books.
Your magical power is your life essence.
You have superior vitality. (+4 HP)


Message History

The magic dart hits the gnoll shaman.
The gnoll shaman is heavily wounded.
Your magical contamination has completely faded away.
Casting: Magic Dart (safe; 1% risk of failure)
Confirm with . or Enter, or press ? or * to list all spells.
Aiming: Magic Dart (safe; 1% risk of failure)
Press: ? - help, Shift-Dir - straight line The magic dart hits the gnoll shaman.
The gnoll shaman is severely wounded.
Casting: Magic Dart (safe; 1% risk of failure)
Confirm with . or Enter, or press ? or * to list all spells.
Aiming: Magic Dart (safe; 1% risk of failure)
Press: ? - help, Shift-Dir - straight line The magic dart hits the gnoll shaman.
The gnoll shaman is severely wounded.
The gnoll shaman hits you with a +0 whip.
Casting: Magic Dart (safe; 1% risk of failure)
Confirm with . or Enter, or press ? or * to list all spells.
Aiming: Magic Dart (safe; 1% risk of failure)
Press: ? - help, Shift-Dir - straight line The magic dart hits the gnoll shaman.
The gnoll shaman is almost dead.
The gnoll shaman hits you with a +0 whip!
* * * LOW HITPOINT WARNING * * *
Casting: Magic Dart (safe; 1% risk of failure)
Confirm with . or Enter, or press ? or * to list all spells.
Aiming: Magic Dart (safe; 1% risk of failure)
Press: ? - help, Shift-Dir - straight line The magic dart hits the gnoll shaman but does no damage.
The gnoll shaman is almost dead.
* * * LOW HITPOINT WARNING * * *
Casting: Magic Dart (safe; 1% risk of failure)
Confirm with . or Enter, or press ? or * to list all spells.
Aiming: Magic Dart (safe; 1% risk of failure)
Press: ? - help, Shift-Dir - straight line The magic dart hits the gnoll shaman.
The gnoll shaman is almost dead.
* * * LOW HITPOINT WARNING * * *
The gnoll shaman hits you with a +0 whip!
You die...

.##.###.#.#####.##
###.###..........#
..#..............#
#.#####.#........#
........#######..#
...####.# #..# .#
#.#######..# .#
#..........# .#
.#####.####@# ##
...# #g# .# .#.##
####.# .#
##...##.##...# .#
...........## ..
#...##.......Y.#
###
##...##.#?..#####
###.....#.##.##
#.........##.#


You could see a gnoll shaman (confused).

Vanquished Creatures
  A sky beast (D:5)
  An ogre (D:5)
  A water moccasin skeleton (D:4)
  2 hounds
  3 iguanas (D:4)
  A scorpion zombie (D:5)
  6 gnolls
  8 adders
  A howler monkey skeleton (D:4)
  3 worms
  8 orcs
  6 ball pythons
  8 bats
  9 endoplasms
  4 giant cockroaches
  6 goblins
  7 hobgoblins
  A quokka (D:3)
  4 frilled lizards
  8 kobolds
  8 rats
96 creatures vanquished.

Notes
Turn   | Place    | Note
-------+----------+-------------------------------------------
     0 | D:1      | casanoah the Djinni Hedge Wizard began the quest for the
                  | Orb.
     0 | D:1      | Reached XP level 1. HP: 15/15 MP: 0/0
   258 | D:1      | Reached XP level 2. HP: 13/21 MP: 0/0
   770 | D:1      | Reached skill level 3 in Spellcasting
   875 | D:1      | Reached XP level 3. HP: 21/25 MP: 0/0
   875 | D:1      | Learned a level 1 spell: Summon Small Mammal
  1586 | D:1      | Found a faded altar of an unknown god.
  1601 | D:1      | Upgraded the game from 0.28-a0-476-g0f06bd746f to
                  | 0.28-a0-723-g095bd1b44f
  2472 | D:2      | Reached XP level 4. HP: 23/31 MP: 0/0
  3335 | D:3      | Reached XP level 5. HP: 24/36 MP: 0/0
  3335 | D:3      | Learned a level 2 spell: Passwall
  3502 | D:3      | Reached skill level 4 in Spellcasting
  4451 | D:3      | Found a glowing golden altar of the Shining One.
  5517 | D:4      | Reached XP level 6. HP: 26/41 MP: 0/0
  6417 | D:4      | Reached skill level 1 in Fighting
  6417 | D:4      | Reached skill level 5 in Spellcasting
  6998 | D:4      | Reached XP level 7. HP: 36/47 MP: 0/0
  6998 | D:4      | Learned a level 2 spell: Scorch
  7825 | D:5      | Entered Level 5 of the Dungeon
  8283 | D:5      | Found a runed translucent gate.
  8283 | D:5      | Found a runed translucent gate.
  8284 | D:5      | Found a runed translucent gate.
  8438 | D:5      | Reached skill level 6 in Spellcasting
  8495 | D:5      | Slain by a gnoll shaman

Illustrated notes

Levels and vault maps discovered:
D:1:      minmay_arrival_four_houses, layout_loops_ring,
          shapermc_ecumenical_altar_acropolis, minmay_fountain_box
D:2:      layout_loops_ring
D:3:      layout_basic, tso_metal_star
D:4:      layout_loops_ring
D:5:      layout_loops_ring, gammafunk_ghost_necromancy

Skill      XL: |  1  2  3  4  5  6  7 |
---------------+----------------------+-----
Spellcasting   | 3 4 5 6 |  6.0
Stealth        | 2 |  2.4
Fighting       | 1 |  1.1
Dodging        | |  2.7

Action                   |  1- 3 |  4- 6 |  7- 9 || total
-------------------------+-------+-------+-------++-------
 Cast: Magic Dart        |    92 |   162 |    58 ||   312
       Summon Small Mamm |     3 |     2 |       ||     5
       Blink             |       |     5 |       ||     5
       Conjure Flame     |       |    10 |     4 ||    14
       Mephitic Cloud    |       |     7 |     4 ||    11
       Slow              |       |     2 |     1 ||     3
       Call Imp          |       |     1 |       ||     1
       Passwall          |       |     1 |       ||     1
  Use: Scroll            |       |       |     1 ||     1
Armor: Robe              |       |     2 |     3 ||     5
Dodge: Dodged            |     8 |    20 |     5 ||    33

Table legend: (Time is in decaauts)
 A = Elapsed time spent in this place.
 B = Non-inter-level travel time spent in this place.
 C = Inter-level travel time spent in this place.
 D = Time resting spent in this place.
 E = Time spent auto-exploring this place.
 F = Levels seen in this place.
 G = Mean time per level.
                   A        B        C        D        E       F      G
               +--------+--------+--------+--------+--------+-----+--------+
         Total |   8494 |   8402 |     92 |   3520 |   4137 |   5 | 1698.8 |
       Dungeon |   8494 |   8402 |     92 |   3520 |   4137 |   5 | 1698.8 |
               +--------+--------+--------+--------+--------+-----+--------+

Top non-repeatable levels by time:
     D:4: 2463 daAuts
     D:3: 2371 daAuts
     D:1: 1606 daAuts
     D:2: 1382 daAuts
     D:5: 669 daAuts
